 Dungeon Crawl Stone Soup version bcrawl-1.14 (webtiles) character file.

Game seed: 8600013944269447512

98 Revguard the Ducker (level 4, -3/34 HPs)
             Began as a Demonspawn Archaeologist on Sept 6, 2019.
             Succumbed to Ijyb's poison
             ... on level 3 of the Dungeon.
             The game lasted 00:06:45 (1573 turns).

Revguard the Ducker (Demonspawn Archaeologist)      Turns: 1573, Time: 00:06:46

Health: -3/34      AC:  8    Str:  9 (11) XL:     4   Next: 44%
Magic:  6/6        EV: 14    Int: 13 (15) God:
Gold:   236        SH:  0    Dex: 11 (13) Spells: 3/3 levels left

rFire    . . .     SeeInvis +   j - +0 mace
rCold    . . .     Gourm    .   (no shield)
rNeg     . . .     Faith    .   i - +2 robe {MR+}
rPois    .         Spirit   .   c - +1 hat
rElec    .         Reflect  .   (no cloak)
rCorr    .         Harm     .   (no gloves)
MR       +....                  d - +2 pair of boots
Stlth    ++........             h - amulet of regeneration
HPRegen  0.51/turn              k - +1 ring of evasion
MPRegen  0.10/turn              m - ring of see invisible

@: lethally poisoned (-3 -> -37), studying Evocations
A: antennae 1, powered by pain 1
a: no special abilities


You were on level 3 of the Dungeon.
You were hungry.

You visited 1 branch of the dungeon, and saw 3 of its levels.

You collected 236 gold pieces.

Inventory:

Hand Weapons
 a - a +0 whip
 j - a +0 mace (weapon)
Armour
 b - a +1 robe
 c - a +1 hat (worn)
 d - a +2 pair of boots (worn)
 i - a +2 robe of magic resistance (worn)
Jewellery
 h - an amulet of regeneration (around neck)
 k - a +1 ring of evasion (left hand)
 m - a ring of see invisible (right hand)
Scrolls
 l - a scroll of amnesia
 p - 2 scrolls of remove curse
 q - a scroll of blinking {unknown}
Potions
 n - a potion of cancellation
 o - 2 potions of brilliance
Books
 e - a manual of Evocations
Miscellaneous
 f - an ancient crate
Comestibles
 g - 8 rations {!d}


   Skills:
 - Level 2.4 Fighting
 - Level 1.0 Maces & Flails
 - Level 3.4 Dodging
 - Level 3.0 Stealth
 * Level 3.4 Evocations


You had 3 spell levels left.
You didn't know any spells.
Your spell library was empty.

Dungeon Overview and Level Annotations

Branches:
Dungeon (3/12)

Altars:
Kikubaaqudgha

Annotations:
D:3 Ijyb


Innate Abilities, Weirdness & Mutations

You have a pair of small antennae on your head.
You sometimes gain a little power by taking damage.


Message History

You feel very sick.
Ijyb hits you with a +0 dagger of venom.
* * * LOW HITPOINT WARNING * * *
You are more poisoned.
You hit Ijyb but do no damage.
Ijyb is heavily wounded.
* * * LOW HITPOINT WARNING * * *
You feel very sick. Ijyb completely misses you.
You closely miss Ijyb.
Ijyb is heavily wounded.
* * * LOW HITPOINT WARNING * * *
You feel very sick. Ijyb hits you but does no damage.
You are more poisoned.
Ijyb hits you but does no damage.
You are more poisoned.
You barely miss Ijyb.
Ijyb is heavily wounded.
You die...

########
#....@.##
#+####g.#
##########.
##.####..........
#...##.##...###.
###.##.##.#.# .#
#......#....# .
###.......### .
##.###
##########.####.#
.# .....#
#...............#


You could see Ijyb.

Vanquished Creatures
  Jessica (D:2)
  An adder (D:3)
  An ooze (D:1)
  A worm (D:2)
  A dart slug (D:3)
  4 leopard geckos
  An orc (D:3)
  2 ball pythons
  A bat (D:1)
  4 giant cockroaches
  3 goblins
  7 hobgoblins (D:1)
  5 jackals (D:2)
  A quokka (D:2)
  4 frilled lizards
  6 kobolds
  3 rats
46 creatures vanquished.

Notes
Turn   | Place    | Note
-------+----------+-------------------------------------------
     0 | D:1      | Revguard the Demonspawn Archaeologist began the quest for
                  | the Orb.
     0 | D:1      | Reached XP level 1. HP: 15/15 MP: 1/1
   103 | D:1      | Gained mutation: You sometimes gain a little power by
                  | taking damage. [demonic ancestry]
   103 | D:1      | Reached XP level 2. HP: 18/21 MP: 2/2
   130 | D:1      | Reached skill level 1 in Maces & Flails
   295 | D:1      | Reached skill level 1 in Evocations
   358 | D:1      | Gained mutation: You have a pair of small antennae on your
                  | head. [demonic ancestry]
   358 | D:1      | Reached XP level 3. HP: 21/26 MP: 3/3
   688 | D:2      | Found an ancient bone altar of Kikubaaqudgha.
   788 | D:2      | Noticed Jessica
   807 | D:2      | Killed Jessica
   807 | D:2      | Reached XP level 4. HP: 13/34 MP: 5/5
   856 | D:2      | Found a faded altar of an unknown god.
  1495 | D:3      | Noticed Ijyb
  1572 | D:3      | HP: 1/34 [poisoned by Ijyb]
  1573 | D:3      | Succumbed to Ijyb's poison

Skill      XL: |  1  2  3  4 |
---------------+-------------+-----
Dodging        | 3 |  3.4
Maces & Flails | 1 |  1.0
Evocations     | 1 2 3 |  3.4
Fighting       | 2 |  2.4
Stealth        | |  3.0

Action                   |  1- 3 |  4- 6 || total
-------------------------+-------+-------++-------
Melee: Whip              |   183 |    82 ||   265
       Mace              |       |    14 ||    14
       Unarmed           |       |     2 ||     2
  Use: Potion            |     7 |     4 ||    11
       Scroll            |       |     6 ||     6
 Stab: Sleeping          |       |     1 ||     1
  Eat: Chunk             |       |     2 ||     2
Armor: Robe              |    74 |    39 ||   113
Dodge: Dodged            |   147 |    74 ||   221
